 Dungeon Crawl Stone Soup version 0.28-a0-1235-g7c8fac35f0 (webtiles) character file.

Game seed: 5661734458421827062

230 donnydurka the Ducker (level 5, 0/46 HPs)
             Began as a Minotaur Monk on Dec 24, 2021.
             Slain by a goblin (3 damage)
             ... on level 4 of the Dungeon.
             The game lasted 00:33:42 (4404 turns).

donnydurka the Ducker (Minotaur Monk)               Turns: 4404, Time: 00:33:47

Health: 0/46       AC:  2    Str: 16    XL:     5   Next: 72%
Magic:  4/4        EV: 13    Int:  7    God:
Gold:   169        SH:  0    Dex: 14    Spells: 4/4 levels left

rFire   . . .      SeeInvis .   d - +3 short sword
rCold   . . .      Faith    .   (no shield)
rNeg    . . .      Spirit   .   b - +0 robe
rPois   .          Reflect  .   (helmet restricted)
rElec   .          Harm     .   (no cloak)
rCorr   .          Rampage  .   (no gloves)
Will    .....                   (no boots)
Stlth   ++........              (no amulet)
HPRegen 0.15/turn               (no ring)
MPRegen 0.09/turn               (no ring)

@: lethally poisoned (0 -> -13)
A: horns 2, retaliatory headbutt
a: no special abilities


You were on level 4 of the Dungeon.
You visited 1 branch of the dungeon, and saw 4 of its levels.

You collected 169 gold pieces.

Inventory:

Hand Weapons
 a - a +0 spear
 d - a +3 short sword (weapon)
 l - a +0 whip of draining
Missiles
 c - 148 stones (quivered)
 m - 3 boomerangs
 p - 41 arrows
Armour
 b - a +0 robe (worn)
Wands
 j - a wand of paralysis (8)
Scrolls
 e - a scroll of amnesia {unknown}
 f - a scroll of magic mapping {unknown}
 h - a scroll of immolation {unknown}
 i - a scroll of enchant weapon {unknown}
 k - 2 scrolls of identify {unknown}
 n - a scroll of teleportation {unknown}
Potions
 g - 2 potions of curing {unknown}
 o - a potion of degeneration {unknown}
 q - a potion of lignification {unknown}


   Skills:
 - Level 4.0 Fighting
 * Level 4.0 Short Blades
 + Level 4.2 Polearms
 + Level 0.9 Throwing
 * Level 4.4 Dodging
 + Level 2.2 Stealth


You had 4 spell levels left.
You didn't know any spells.
Your spell library contained the following spells:

 Spells                   Type           Power      Damage    Failure   Level
 Corpse Rot               Necr/Air       0%         N/A       56%         2
 Dispel Undead            Necr           0%         3d6       99%         4
 Death Channel            Necr           0%         N/A       100%        6


Dungeon Overview and Level Annotations

Branches:
Dungeon (4/15)
 Temple: D:4-7

Altars:
Uskayaw


Innate Abilities, Weirdness & Mutations

You have a pair of horns on your head.
You reflexively headbutt those who attack you in melee.


Message History

q - a black potion
g - 2 fuming dark potions (gained 1)
You now have 169 gold pieces (gained 19).
A goblin comes into view. It is wielding a +2 dagger of venom.
Found 11 gold pieces.
An ogre comes into view. It is wielding a +0 giant club.
The ogre shouts!
The goblin hits you with a +2 dagger of venom.
You are poisoned.
You feel very sick.
There is an escape hatch in the floor here.
You feel sick.
You closely miss the goblin.
You feel sick. The goblin hits you but does no damage.
You are more poisoned.
You feel sick.
You hit the goblin.
The goblin is moderately wounded.
You feel sick. The goblin barely misses you.
You feel sick.
You hit the ogre.
The ogre is lightly wounded.
You feel sick. The ogre completely misses you.
The goblin hits you with a +2 dagger of venom.
* * * LOW HITPOINT WARNING * * *
You are lethally poisoned!
* * * LOW HITPOINT WARNING * * *
You feel very sick.
* * * LOW HITPOINT WARNING * * *
You feel sick.
The goblin hits you with a +2 dagger of venom.
* * * LOW HITPOINT WARNING * * *
You are more poisoned.
You puncture the ogre! Your headbutt misses the ogre.
The ogre is moderately wounded.
* * * LOW HITPOINT WARNING * * *
You feel very sick. The ogre barely misses you. You furiously retaliate!
You headbutt the ogre.
The goblin hits you with a +2 dagger of venom.
You die...

.........# ##.......#
#.############ #.......#
#............# #.......#
#.......# #......†#
#.####..#
##'##+#.##########.# #..#
#.##.#............# #..#
###.##.#################..#
+..............O@.........#
####.#.#####...g#########)#
#...# #....# #.# ##..#
#....# #######.####### #..#
#...>##............... ##>#
#.........####.####### #.#
#.......$.# #.# #.#
#.........# #.# ###.......#
#.#


You could see an ogre and a goblin.

Vanquished Creatures
  A water moccasin skeleton (D:4)
  A centaur skeleton (D:4)
  An orc wizard (D:3)
  3 gnolls (D:3)
  An adder (D:3)
  A worm (D:2)
  7 dart slugs
  4 orcs (D:3)
  5 ball pythons
  6 endoplasms
  2 giant cockroaches (D:1)
  3 goblins
  9 hobgoblins
  9 jackals
  3 kobolds
  2 quokkas (D:2)
  3 bats
  A frilled lizard (D:2)
  6 rats
68 creatures vanquished.

Notes
Turn   | Place    | Note
-------+----------+-------------------------------------------
     0 | D:1      | donnydurka the Minotaur Monk began the quest for the Orb.
     0 | D:1      | Reached XP level 1. HP: 19/19 MP: 0/0
   393 | D:1      | Reached XP level 2. HP: 26/27 MP: 1/1
   646 | D:1      | Found a faded altar of an unknown god.
  1627 | D:2      | Reached XP level 3. HP: 33/33 MP: 2/2
  1782 | D:2      | Reached skill level 1 in Short Blades
  2651 | D:3      | Reached XP level 4. HP: 20/40 MP: 3/3
  3371 | D:3      | Reached XP level 5. HP: 30/46 MP: 4/4
  3870 | D:3      | Found a hide-covered altar of Uskayaw.
  4392 | D:4      | Noticed an ogre
  4404 | D:4      | Slain by a goblin

Illustrated notes

Levels and vault maps discovered:
D:1:      dpeg_arrival_simpleton_b, layout_basic, basic_ecumenical_altar
D:2:      layout_basic
D:3:      layout_loops_ring, mainiacjoe_overflow_catwalk
D:4:      layout_basic, grunt_dithmenos_smoke_and_mirrors,
          mainiacjoe_overflow_24_doors

Skill      XL: |  1  2  3  4  5 |
---------------+----------------+-----
Polearms       | 4 |  4.2
Fighting       | 4 |  4.0
Short Blades   | 1 3 4 |  4.0
Dodging        | 4 |  4.4
Stealth        | 2 |  2.2
Throwing       | |  0.9

Action                   |  1- 3 |  4- 6 || total
-------------------------+-------+-------++-------
Melee: Short sword       |    76 |    65 ||   141
       Spear             |     4 |       ||     4
       Headbutt          |    13 |    11 ||    24
Throw: Stone             |    23 |       ||    23
 Stab: Sleeping          |     2 |     1 ||     3
Armor: Robe              |     9 |    14 ||    23
Dodge: Dodged            |    69 |    29 ||    98

Table legend: (Time is in decaauts)
 A = Elapsed time spent in this place.
 B = Non-inter-level travel time spent in this place.
 C = Inter-level travel time spent in this place.
 D = Time resting spent in this place.
 E = Time spent auto-exploring this place.
 F = Levels seen in this place.
 G = Mean time per level.
                   A        B        C        D        E       F      G
               +--------+--------+--------+--------+--------+-----+--------+
         Total |   4408 |   4406 |      2 |    946 |    998 |   4 | 1102.0 |
       Dungeon |   4408 |   4406 |      2 |    946 |    998 |   4 | 1102.0 |
               +--------+--------+--------+--------+--------+-----+--------+

Top non-repeatable levels by time:
     D:3: 1641 daAuts
     D:1: 1316 daAuts
     D:2: 1311 daAuts
     D:4: 139 daAuts
